Map: [EWC] Crimson Court

Players

herO

  • Race: Protoss Protoss
  • Spawn Location: 7:00

Serral - Winner!

  • Race: Zerg Zerg
  • Spawn Location: 1:00

Event: Esports World Cup 2024

VOD

Have the link to the VOD?

Description

Time

  • Played on: Aug. 15, 2024, 7:27 a.m.
  • Length: 14:55

All games in this series

Show
View Real Time Build Order
Export as new Build Order

herO Protoss 

Build Orders: 1 Gate Expand, Oracle Opening, Blink Stalkers 

Get SALT Encoding   

  12  0:00  Probe  
  13  0:12  Probe  
  14  0:17  Pylon  
  14  0:24  Probe (Chrono Boost)  
  15  0:28  Assimilator  
  16  0:36  Probe (Chrono Boost)  
  16  0:43  Probe (Chrono Boost)  
  16  0:45  Gateway  
  17  0:50  Probe  
  18  1:03  Probe  
  19  1:15  Probe  
  20  1:23  Nexus  
  20  1:33  Cybernetics Core  
  20  1:36  Probe  
  21  1:41  Assimilator  
  21  1:48  Probe  
  21  1:51  Pylon  
  22  2:00  Probe  
  23  2:09  Adept  
  23  2:12  Stargate  
  23  2:13  Probe (Chrono Boost)  
  26  2:16  Warp Gate  
  27  2:23  Probe (Chrono Boost)  
  27  2:29  Probe (Chrono Boost)  
  27  2:35  Probe (Chrono Boost)  
  29  2:39  Stalker  
  33  2:44  Probe x2 (Chrono Boost)  
  33  2:49  Probe (Chrono Boost)  
  33  2:51  Probe  
  33  2:53  Oracle (Chrono Boost)  
  38  3:01  Probe  
  38  3:03  Probe  
  38  3:04  Pylon  
  40  3:09  Adept  
  42  3:14  Probe  
  42  3:16  Probe  
  44  3:20  Gateway  
  44  3:27  Twilight Council  
  44  3:28  Probe x2  
  46  3:45  Nexus  
  46  3:47  Pylon  
  46  3:49  Probe  
  46  3:51  Probe  
  48  3:56  Blink (Chrono Boost)  
  48  4:01  Probe  
  49  4:03  Probe  
  49  4:07  Adept  
  51  4:13  Probe  
  51  4:15  Adept, Probe  
  55  4:18  Gateway  
  55  4:21  Shield Battery  
  55  4:25  Unknown  
  55  4:26  Probe  
  55  4:28  Probe  
  57  4:34  Stalker  
  57  4:36  Gateway  
  59  4:39  Probe  
  59  4:40  Stalker  
  62  4:50  Gateway  
  62  4:59  Probe x2 (Chrono Boost)  
  64  5:04  Forge, Probe (Chrono Boost)  
  65  5:08  Stalker  
  65  5:09  Stalker  
  65  5:13  Stalker, Probe (Chrono Boost)  
  65  5:14  Probe x2 (Chrono Boost)  
  74  5:19  Probe  
  77  5:21  Probe x2  
  77  5:24  Pylon x2  
  77  5:25  Pylon  
  77  5:29  Charge  
  77  5:42  Oracle, Probe x3  
  83  5:43  Stalker x2  
  83  5:44  Stalker  
  83  5:47  Stalker  
  91  5:54  Probe  
  91  5:56  Stalker  
  94  5:58  Shield Battery  
  94  5:59  Robotics Facility  
  94  6:02  Probe x2  
  94  6:03  Assimilator  
  96  6:05  Assimilator  
  96  6:06  Probe  
  95  6:11  Protoss Ground Weapons Level 1 (Chrono Boost)  
  95  6:13  Stalker x2  
  95  6:14  Stalker  
  101  6:33  Pylon x3  
  101  6:34  Pylon  
  101  6:38  Probe x2  
  101  6:39  Probe  
  98  6:43  Pylon  
  98  6:45  Stalker  
  100  6:49  Immortal (Chrono Boost)  
  100  6:51  Stalker x4  
  112  6:55  Gateway x2  
  112  7:06  Shield Battery  
  112  7:09  Shield Battery  
  112  7:10  Pylon  
  112  7:17  Zealot x5  
  112  7:22  Immortal (Chrono Boost)  
  122  7:27  Robotics Bay  
  126  7:35  Robotics Facility  
  126  7:37  Nexus  
  126  7:40  Zealot  
  126  7:42  Shield Battery  
  126  7:50  Stalker x3  
  126  7:53  Zealot  
  126  7:54  Observer  
  129  8:01  Zealot  
  129  8:02  Zealot x2  
  129  8:03  Pylon  
  128  8:13  Protoss Ground Weapons Level 2 (Chrono Boost)  
  128  8:17  Disruptor (Chrono Boost)  
  124  8:20  Nexus  
  124  8:21  Disruptor (Chrono Boost), Pylon  
  128  8:27  Oracle  
  128  8:29  Zealot x2  
  135  8:35  Probe x3  
  135  8:40  Templar Archives  
  138  8:46  Observer  
  138  8:47  Zealot x4  
  140  8:50  Disruptor x2 (Chrono Boost)  
  148  8:58  Photon Cannon  
  138  9:15  Zealot x7  
  152  9:18  Disruptor  
  156  9:24  Assimilator  
  156  9:28  Assimilator  
  156  9:29  Probe x2, Psionic Storm  
  156  9:30  Probe  
  159  9:41  Probe x2  
  159  9:42  Probe  
  159  9:43  High Templar x3  
  166  9:48  Forge  
  166  9:51  Zealot x2  
  166  9:52  Pylon  
  154  9:55  Pylon  
  160  10:07  Immortal x2  
  160  10:11  Stalker  
  160  10:19  Zealot x4  
  160  10:20  Gateway  
  168  10:21  Gateway  
  168  10:25  Probe  
  168  10:27  Protoss Ground Armor Level 1, Probe  
  170  10:32  Pylon  
  170  10:35  Observer  
  161  10:50  Immortal x2  
  161  10:54  High Templar x2  
  161  10:55  Zealot x5  
  179  11:06  Nexus  
  179  11:09  Photon Cannon  
  179  11:17  Stargate  
  177  11:19  Fleet Beacon  
  177  11:20  Protoss Air Weapons Level 1  
  177  11:22  Stargate  
  175  11:31  Gravitic Boosters, Observer  
  176  11:37  Photon Cannon  
  176  11:38  Shield Battery  
  176  11:39  Zealot x3, High Templar x2  
  186  11:41  Assimilator  
  186  11:44  Assimilator  
  186  11:46  Photon Cannon  
  174  12:13  Zealot x7  
  154  12:26  Archon  
  129  12:35  Zealot x2  
  121  12:39  Stalker x5  
  113  13:03  Stalker x4  
  109  13:10  Colossus (Chrono Boost)  
  113  13:15  Zealot x2  
  125  13:26  Stalker  
  125  13:27  Stalker x3  
  119  13:30  Probe x3  
  119  13:31  Probe  
  119  13:33  Shield Battery  
  116  13:42  Probe  
  110  13:50  Stalker  
  110  13:51  Stalker x5  
  119  14:01  Fleet Beacon  
  115  14:03  Stargate  
  112  14:19  Zealot x6  
  96  14:42  High Templar x5  
Show
View Real Time Build Order
Export as new Build Order

Serral Zerg - Winner!

Build Orders: Hatch First, Lurkers, Roach Hydra 

Get SALT Encoding   

  12  0:00  Drone  
  13  0:12  Overlord  
  13  0:16  Drone  
  14  0:30  Drone x2  
  16  0:48  Hatchery  
  15  0:51  Drone  
  15  0:55  Drone  
  17  0:58  Drone  
  18  1:09  Extractor  
  17  1:13  Spawning Pool  
  17  1:16  Drone  
  17  1:19  Drone  
  18  1:27  Drone  
  19  1:38  Drone  
  20  1:49  Drone  
  21  1:59  Queen x2  
  21  2:00  Zergling x2  
  21  2:01  Overlord  
  26  2:08  Metabolic Boost  
  26  2:12  Drone x2  
  28  2:21  Drone x2  
  30  2:33  Drone  
  30  2:34  Drone  
  32  2:39  Hatchery  
  32  2:42  Overlord  
  31  2:46  Queen  
  31  2:49  Drone  
  34  2:53  Drone  
  34  2:54  Drone  
  36  3:00  Queen  
  36  3:04  Overlord  
  38  3:08  Drone  
  38  3:09  Drone x2  
  38  3:11  Drone  
  42  3:15  Drone  
  42  3:17  Drone  
  44  3:22  Queen  
  44  3:25  Overlord  
  46  3:27  Drone  
  47  3:36  Queen  
  47  3:40  Zergling x2  
  47  3:41  Zergling x2  
  51  3:43  Drone  
  51  3:44  Drone  
  51  3:48  Spore Crawler x2, Drone  
  52  3:52  Zergling x2, Overlord  
  52  3:54  Drone x2  
  55  3:58  Drone  
  56  4:04  Drone x3  
  56  4:09  Overlord  
  59  4:12  Drone  
  59  4:17  Zergling x2  
  59  4:18  Drone x2  
  59  4:19  Unknown  
  59  4:20  Drone  
  59  4:22  Roach Warren  
  59  4:24  Overlord  
  61  4:28  Zergling x2  
  62  4:32  Drone  
  62  4:33  Drone x2  
  62  4:35  Spore Crawler, Overlord  
  62  4:37  Zergling x2  
  65  4:40  Drone  
  65  4:43  Lair  
  65  4:44  Overlord  
  66  4:46  Drone x3  
  66  4:47  Drone x2  
  66  4:50  Zergling x2  
  72  4:56  Drone x2  
  72  4:57  Overlord  
  72  4:59  Overlord  
  74  5:04  Drone x4  
  78  5:08  Extractor x2  
  78  5:10  Drone  
  77  5:14  Drone  
  77  5:15  Drone  
  77  5:21  Drone  
  80  5:22  Roach x2  
  80  5:24  Roach x2  
  80  5:26  Overlord  
  88  5:29  Hatchery  
  88  5:30  Queen  
  88  5:31  Roach  
  88  5:33  Zergling x2  
  88  5:34  Zergling x4  
  94  5:37  Zergling x4  
  94  5:40  Glial Reconstitution  
  96  5:43  Evolution Chamber  
  96  5:44  Ravager x3  
  96  5:45  Ravager  
  96  5:46  Zergling x6  
  102  5:56  Hydralisk Den  
  99  5:59  Zergling x6, Roach x4  
  99  6:03  Unknown  
  109  6:06  Extractor  
  109  6:10  Zerg Missile Weapons Level 1  
  105  6:12  Drone x6  
  105  6:14  Drone x2  
  105  6:16  Overseer  
  113  6:20  Zergling x6  
  116  6:26  Zergling x6  
  116  6:27  Zergling x6  
  122  6:33  Overlord  
  122  6:35  Grooved Spines  
  122  6:36  Overlord  
  122  6:37  Overlord  
  122  6:38  Overlord  
  122  6:39  Ravager  
  120  6:46  Drone  
  120  6:47  Unknown  
  120  6:49  Roach x4  
  120  6:54  Infestation Pit  
  126  6:58  Hydralisk x2  
  126  6:59  Zergling x16  
  134  7:10  Hydralisk x2  
  134  7:11  Zergling x4  
  139  7:17  Overlord  
  139  7:18  Overlord  
  139  7:21  Hydralisk x2  
  139  7:22  Zergling x12  
  147  7:28  Muscular Augments  
  145  7:30  Hydralisk x2  
  145  7:31  Roach x2  
  145  7:32  Zergling x2, Roach  
  151  7:44  Hydralisk x4  
  154  7:54  Overlord, Hive  
  154  7:56  Zergling x18  
  162  8:08  Lurker Den  
  162  8:12  Drone x10  
  158  8:20  Drone  
  158  8:23  Drone x2  
  158  8:24  Drone x8  
  158  8:26  Zerg Missile Weapons Level 2  
  169  8:28  Hydralisk  
  169  8:29  Zergling x4  
  169  8:33  Overlord x2  
  173  8:41  Hydralisk x2  
  172  8:42  Zergling x6  
  176  8:54  Unknown  
  176  8:55  Extractor  
  171  8:57  Hatchery  
  171  8:59  Extractor  
  163  9:03  Drone x4  
  163  9:04  Zergling x20  
  163  9:08  Seismic Spines  
  175  9:10  Viper  
  175  9:14  Lurker x4  
  181  9:17  Spine Crawler, Drone x3  
  181  9:18  Spine Crawler  
  179  9:24  Zergling x12  
  185  9:36  Viper  
  182  9:39  Zergling x12  
  182  9:45  Drone x3  
  180  9:46  Unknown  
  180  9:51  Spine Crawler, Lurker  
  180  9:52  Lurker x3  
  178  9:53  Spine Crawler  
  178  9:55  Drone x2  
  178  9:56  Drone x2  
  175  10:00  Hydralisk, Extractor  
  175  10:01  Hydralisk x3  
  175  10:02  Extractor  
  164  10:09  Lurker  
  165  10:16  Drone  
  165  10:19  Overlord  
  165  10:20  Hydralisk x4  
  165  10:21  Hydralisk  
  174  10:27  Adaptive Talons  
  176  10:30  Evolution Chamber  
  176  10:32  Hatchery  
  173  10:42  Zerg Melee Weapons Level 1  
  173  10:52  Unknown  
  173  10:53  Lurker x3  
  173  10:54  Lurker x3  
  173  10:55  Pneumatized Carapace  
  178  11:06  Zergling x10  
  183  11:16  Lurker x3  
  185  11:33  Spire  
  185  11:36  Lurker x2  
  185  11:37  Hydralisk x2  
  185  11:38  Zergling x20  
  200  11:47  Overseer  
  198  11:48  Overseer x2  
  198  11:50  Zerg Missile Weapons Level 3  
  185  12:03  Zergling x30  
  185  12:05  Overseer  
  195  12:16  Zergling x8  
  193  12:24  Hydralisk x2  
  193  12:25  Zergling x20  
  193  12:29  Zergling x16  
  196  12:36  Overseer, Hydralisk  
  196  12:37  Zergling x18, Hydralisk  
  177  12:39  Zerg Melee Weapons Level 2  
  177  12:43  Drone x4  
  180  12:53  Hydralisk x2  
  180  12:54  Zergling x6, Hydralisk  
  173  13:00  Hydralisk x3  
  173  13:04  Hydralisk x8  
  179  13:13  Drone x3, Greater Spire  
  179  13:14  Drone  
  179  13:15  Lurker x5  
  179  13:17  Hydralisk x5  
  198  13:21  Hydralisk x2  
  198  13:22  Zergling x2  
  180  13:27  Hydralisk x5  
  189  13:38  Zergling x12  
  186  13:49  Hydralisk x2  
  186  13:50  Zergling x18  
  198  14:06  Overseer x2  
  198  14:07  Overlord x4  
  198  14:09  Overlord  
  196  14:16  Hydralisk  
  186  14:21  Overlord  
  181  14:28  Hydralisk x9  
  181  14:29  Zergling x24  
Tags
 
Add a new tag
Caveats
  • Supply blocks, unpowered buildings, or Contaminate may cause inaccurate times.
  • Supply counts are checked every 10 seconds.